 Dungeon Crawl Stone Soup version 0.27.1 (webtiles) character file.

Game seed: 18237197113586448820

903 nxtlvl the Cleaver (level 7, -2/57 HPs)
             Began as a Black Draconian Berserker on Aug 23, 2021.
             Was a Believer of Trog.
             Shot with an arrow by a centaur (12 damage)
             ... on level 7 of the Dungeon.
             The game lasted 00:09:20 (1022 turns).

nxtlvl the Cleaver (Black Draconian Berserker)      Turns: 1022, Time: 00:09:21

Health: -2/57      AC:  7    Str: 19    XL:     7   Next: 80%
Magic:  7/7        EV: 12    Int:  7    God:    Trog [**....]
Gold:   141        SH:  0    Dex: 13    Spells: 6/6 levels left

rFire    . . .     SeeInvis .   a - +0 war axe
rCold    + . .     Faith    .   (no shield)
rNeg     . . .     Spirit   .   (armour unavailable)
rPois    .         Reflect  .   (helmet restricted)
rElec    +         Harm     .   (no cloak)
rCorr    .         Rampage  .   c - +0 pair of gloves
Will     .....                  (no boots)
Stlth    +.........             (no amulet)
HPRegen  0.19/turn              l - ring of protection from cold
MPRegen  0.10/turn              (no ring)

@: no status effects
A: breathe lightning, AC +6, unfitting armour, electricity resistance,
cold-blooded
a: Breathe Lightning, Renounce Religion, Berserk, Trog's Hand


You were on level 7 of the Dungeon.
You worshipped Trog.
Trog was pleased with you.
You visited 1 branch of the dungeon, and saw 7 of its levels.

You collected 141 gold pieces.

Inventory:

Hand Weapons
 a - a +0 war axe (weapon)
 b - a +0 hand axe of venom
 u - a +2 hunting sling of flaming
 v - a +0 shortbow
 w - a +0 hand crossbow
Missiles
 p - 16 poisoned darts (quivered)
 q - 64 arrows
Armour
 c - a +0 pair of gloves (worn)
Jewellery
 l - a ring of protection from cold (left hand)
Wands
 n - a wand of polymorph (9)
Scrolls
 d - a scroll of noise {unknown}
 e - 2 scrolls of blinking {unknown}
 j - 2 scrolls of identify {unknown}
 k - a scroll of teleportation {unknown}
 s - a scroll of holy word {unknown}
 t - a scroll of fear {unknown}
Potions
 f - 2 potions of magic {unknown}
 g - a potion of resistance {unknown}
 h - 2 potions of curing {unknown}
 i - a potion of invisibility {unknown}
 m - a potion of lignification {unknown}
 o - a potion of heal wounds {unknown}
 r - a potion of haste {unknown}


   Skills:
 - Level 3.2 Fighting
 * Level 9.4 Axes
 - Level 2.6 Dodging


You had 6 spell levels left.
You didn't know any spells.
Your spell library was empty.

Dungeon Overview and Level Annotations

Branches:
Dungeon (7/15)
 Temple: D:4-7

Altars:
Cheibriados
Dithmenos
Makhleb
Nemelex Xobeh
Okawaru
Zin

Annotations:
D:7 Aldia's ghost, novice TrMo


Innate Abilities, Weirdness & Mutations

You can breathe wild blasts of lightning.
Your glossy black scales are hard. (AC +6)
You cannot fit into any form of body armour.
You are resistant to electric shocks. (rElec)
You are cold-blooded and may be slowed by cold attacks.


Message History

A wight comes into view. It is wielding a +0 long sword.
There is a stone staircase leading up here.
You climb upwards.
There is a stone staircase leading down here.
There is a stone staircase leading down here.
There is a stone staircase leading down here.
You climb downwards.
There is a stone staircase leading up here.
You feel yourself speed up.
Found a stone staircase leading down.
Found a leather armour.
Found a stone staircase leading down.
A wight comes into view. It is wielding a +0 mace.
A wight comes into view. It is wielding a +2 mace.
Found 21 stones.
Found a metallic black potion and 11 stones.
You recover from your berserk rage.
The orc shouts!
You hear a shout!
A wight comes into view. It is wielding a +3 long sword. x2
A centaur comes into view.
Found 10 gold pieces.
The centaur shouts!
The centaur wields a +0 shortbow.
The centaur shoots an arrow.
The arrow closely misses you.
The hound barks!
Aldia's ghost shouts, "What do you have that I didn't have?"
Your +0 hand axe of venom stops dripping with poison.
a - a +0 war axe (weapon)
The centaur shoots an arrow.
The arrow hits you.
The centaur shoots an arrow.
The arrow hits you but does no damage.
The centaur shoots an arrow.
The arrow hits you!
The centaur shoots an arrow.
The arrow hits you.
The centaur shoots an arrow.
The arrow hits you!
* * * LOW HITPOINT WARNING * * *
The centaur shoots an arrow.
The arrow hits you.
* * * LOW HITPOINT WARNING * * *
The centaur shoots an arrow.
The arrow hits you.
* * * LOW HITPOINT WARNING * * *
The centaur shoots an arrow.
The arrow hits you!
You die...

.#.#$.#.......#..#
....!Z#..........
.#.#oo#.......#..
.#...#..z.......
......#.zzz......
#######..z#c#.....
..........#.#.....
######.#..#.#.....
#.#..@...............
#.#....#......... ..#
#.#..#.# .....z.##.##
#....# ...........
#..#.# ...........
#.##.# ........... ..
.. ........... ### .#
...........
...........


You could see a centaur, 4 wights and a howler monkey skeleton.

Vanquished Creatures
  A steam dragon (D:7)
  2 black bears (D:6)
  An ice beast (D:6)
  An ogre (D:3)
  A centaur (D:6)
  2 phantoms
  A water moccasin skeleton (D:5)
  A hound (D:6)
  Ijyb (D:4)
  A hound skeleton (D:5)
  3 adders
  A white imp (D:5)
  2 dart slugs
  6 orcs
  4 ball pythons (D:3)
  2 bats (D:3)
  3 endoplasms
  2 giant cockroaches
  2 goblins (D:3)
  4 hobgoblins
  A quokka (D:3)
  A frilled lizard (D:3)
  A kobold (D:3)
  A rat (D:3)
45 creatures vanquished.

Vanquished Creatures (others)
  2 plants (D:4)
  16 toadstools (D:4)
18 creatures vanquished.

Grand Total: 63 creatures vanquished

Notes
Turn   | Place    | Note
-------+----------+-------------------------------------------
     0 | D:1      | nxtlvl the Draconian Berserker began the quest for the Orb.
     0 | D:1      | Reached XP level 1. HP: 19/19 MP: 1/1
    58 | D:3      | Noticed a phantom
    65 | D:3      | Reached XP level 2. HP: 22/26 MP: 2/2
    71 | D:3      | Killed a phantom
    72 | D:3      | Reached skill level 5 in Axes
    72 | D:3      | Reached XP level 3. HP: 9/31 MP: 3/3
    72 | D:3      | Reached XP level 4. HP: 11/38 MP: 4/4
   212 | D:3      | Noticed an ogre
   236 | D:3      | Killed an ogre
   237 | D:3      | Reached skill level 6 in Axes
   237 | D:3      | Reached XP level 5. HP: 23/45 MP: 5/5
   317 | D:2      | Reached ** piety under Trog
   341 | D:3      | Found a snail-covered altar of Cheibriados.
   472 | D:4      | Noticed Ijyb
   478 | D:4      | Killed Ijyb
   618 | D:5      | Entered Level 5 of the Dungeon
   674 | D:6      | Reached XP level 6. HP: 40/51 MP: 6/6
   708 | D:6      | Found a shadowy altar of Dithmenos.
   725 | D:6      | Found an iron altar of Okawaru.
   726 | D:6      | Found a sparkling altar of Nemelex Xobeh.
   735 | D:6      | Found a burning altar of Makhleb.
   735 | D:6      | Found a glowing silver altar of Zin.
   775 | D:6      | Reached skill level 7 in Axes
   792 | D:6      | Reached skill level 8 in Axes
   792 | D:6      | Your scales start taking on a glossy black colour.
   792 | D:6      | Reached XP level 7. HP: 30/57 MP: 7/7
   792 | D:6      | Gained mutation: You are resistant to electric shocks.
                  | (rElec) [Black Draconian growth]
   890 | D:5      | Reached skill level 9 in Axes
   960 | D:7      | Noticed a steam dragon
   969 | D:7      | Killed a steam dragon
  1011 | D:7      | Noticed Aldia's ghost (novice TrMo)
  1013 | D:7      | Noticed a basilisk
  1022 | D:7      | Shot with an arrow by a centaur

Illustrated notes

Levels and vault maps discovered:
D:1:      dpeg_arrival_lava_altar, layout_loops_ring,
          shapermc_ecumenical_altar_mp_highgroup
D:2:      layout_loops_cross, serial_shops, shop, minmay_misc_feat_rows,
          uniq_jessica
D:3:      layout_basic, cheibriados_altar_1, minmay_box_of_dots
D:4:      layout_cave_pools, tgw_fedhas, minmay_temple_entry_water_ring,
          wad_woods_river_04, uniq_ijyb
D:5:      layout_basic
D:6:      layout_rooms, minmay_overflow_temple_star_hex
D:7:      layout_rooms, lemuel_tele_altar, tso_altar, gammafunk_ghost_split

Skill      XL: |  1  2  3  4  5  6  7 |
---------------+----------------------+-----
Axes           | 5 6 8 9 |  9.4
Fighting       | |  3.2
Dodging        | |  2.6

Action                   |  1- 3 |  4- 6 |  7- 9 || total
-------------------------+-------+-------+-------++-------
Melee: Hand axe          |    16 |    69 |     6 ||    91
       Tailslap          |     1 |     9 |     7 ||    17
       War axe           |       |    30 |    33 ||    63
Invok: Berserk           |     1 |     3 |     2 ||     6
 Abil: Breathe Lightning |       |       |     1 ||     1
 Stab: Sleeping          |     1 |       |       ||     1
Armor: Skin              |     2 |    31 |    16 ||    49
Dodge: Dodged            |     6 |    45 |    29 ||    80
